 Dungeon Crawl Stone Soup version 0.31.0-11-ge490571c62 (webtiles) character file.

Game seed: 64956734149437526

72 Arctor the Firebug (level 4, 0/24 HPs)
             Began as a Deep Elf Fire Elementalist on Feb 2, 2024.
             Slain by a scorpion (3 damage)
             ... on level 3 of the Dungeon.
             The game lasted 00:02:20 (3197 turns).

Arctor the Firebug (Deep Elf Fire Elementalist)     Turns: 3197, Time: 00:02:20

Health: 0/24       AC:  3    Str:  5    XL:     4   Next: 6%
Magic:  1/11       EV: 13    Int: 22    God:
Gold:   73         SH:  0    Dex: 15    Spells: 4/10 levels left

rFire   . . .        e - +1 dagger (elec)
rCold   . . .        (no shield)
rNeg    . . .        a - +0 robe
rPois   .            m - +0 helmet
rElec   .            (no cloak)
rCorr   .            (no gloves)
SInv    .            (no boots)
Will    .....        i - amulet of faith
Stlth   ++           (no ring)
HPRegen 0.24/turn    (no ring)
MPRegen 0.12/turn

%: faith
@: mighty, lethally poisoned (0 -> -10)
A: no striking features
a: no special abilities


You were on level 3 of the Dungeon.
You visited 1 branch of the dungeon, and saw 3 of its levels.

You collected 73 gold pieces.

Inventory:

Hand Weapons
 e - a +1 dagger of electrocution (weapon)
Armour
 a - a +0 robe (worn)
 m - a +0 helmet (worn)
Jewellery
 i - an amulet of faith (around neck)
Scrolls
 f - 2 scrolls of poison {unknown}
 g - a scroll of silence {unknown}
 h - 2 scrolls of fear {unknown}
 j - 2 scrolls of immolation {unknown}
 k - 3 scrolls of brand weapon {unknown}
 l - a scroll of noise {unknown}
 o - a scroll of identify {unknown}
 p - a scroll of revelation {unknown}
 r - a scroll of enchant weapon {unknown}
Potions
 b - a potion of magic
 c - a potion of might
 d - 3 potions of berserk rage {unknown}
 n - a potion of curing {unknown}
 q - a potion of mutation {unknown}


   Skills:
 + Level 3.1 Dodging
 + Level 3.3 Stealth
 + Level 3.8 Spellcasting
 + Level 2.1 Conjurations
 + Level 3.8 Fire Magic


You had 4 spell levels left.
You knew the following spells:

 Your Spells              Type           Power      Damage    Failure   Level
a - Foxfire               Conj/Fire      68%        2x1d7     3%          1
b - Scorch                Fire           42%        2d6       3%          2
c - Volatile Blastmotes   Fire/Tloc      24%        2d12      16%         3

Your spell library contained the following spells:

 Spells                   Type           Power      Damage    Failure   Level
 Slow                     Hex            16%        N/A       12%         1
 Inner Flame              Hex/Fire       12%        N/A       16%         3
 Dazzling Flash           Conj/Hex       16%        N/A       22%         3
 Mephitic Cloud           Conj/Alch/Air  7%         N/A       26%         3
 Flame Wave               Conj/Fire      17%        2d7       32%         4
 Confusing Touch          Hex            4%         N/A       34%         3
 Sigil of Binding         Hex            4%         N/A       34%         3
 Vampiric Draining        Necr           4%         2d6       34%         3
 Curse of Agony           Necr           4%         N/A       97%         5
 Silence                  Hex/Air        2%         N/A       97%         5


Dungeon Overview and Level Annotations

Branches:
Dungeon (3/15)

Altars:
Kikubaaqudgha

Shops:
D:2 ([*(   D:3 *


Message History

Casting: Scorch (safe; 3% risk of failure)
Confirm with . or Enter, or press ? or * to list all spells.
You can't see any susceptible monsters within range! (Use Z to cast anyway.) This spell is quite dangerous to cast!
You start memorising the spell.
You continue memorising. x3
You finish memorising.
Spell assigned to 'c'.
This spell is quite dangerous to cast!
The scorpion stings you.
Your memorisation is interrupted.
A scorpion is nearby!
A scorpion is nearby!
Casting: Scorch (safe; 3% risk of failure)
Confirm with . or Enter, or press ? or * to list all spells.
Flames lash the scorpion.
The scorpion is moderately wounded.
The scorpion's fire resistance burns away.
The scorpion stings you.
Casting: Scorch (safe; 3% risk of failure)
Confirm with . or Enter, or press ? or * to list all spells.
Flames lash the scorpion.
The scorpion is burned terribly!
The scorpion is severely wounded.
The scorpion stings you.
Casting: Scorch (safe; 3% risk of failure)
Confirm with . or Enter, or press ? or * to list all spells.
You don't have enough magic to cast this spell.
The web tears apart.
The scorpion stings you.
You are poisoned.
The scorpion poisons you! The scorpion stings you.
You are lethally poisoned!
The scorpion poisons you!
You barely miss the scorpion.
The scorpion is severely wounded.
* * * LOW HITPOINT WARNING * * *
You feel very sick. The scorpion misses you.
It was a potion of might.
You feel very mighty all of a sudden.
* * * LOW HITPOINT WARNING * * *
You feel very sick. The scorpion stings you.
You die...

### .>. #.# #.#
#.# .##
##.####.....
+<..@s......
##.####..... #.#
_..### .###
#.####### ...#
...# #.......#
##.##.#.#
#.##.##.# .......
#.##....# #....#
#.##..######....#
#.##..#.........+


You could see a scorpion (combustible).

Vanquished Creatures
  2 dart slugs
  3 ribbon worms
  4 orcs (D:2)
  5 endoplasms
  4 giant cockroaches (D:2)
  5 goblins
  2 hobgoblins (D:1)
  8 kobolds
  5 quokkas
  A ball python (D:1)
  8 bats
  3 frilled lizards
  4 rats
54 creatures vanquished.

Vanquished Creatures (others)
  319 foxfires
319 creatures vanquished.

Grand Total: 373 creatures vanquished

Notes
Turn   | Place    | Note
-------+----------+-------------------------------------------
     0 | D:1      | Arctor the Deep Elf Fire Elementalist began the quest for
                  | the Orb.
     0 | D:1      | Reached XP level 1. HP: 10/10 MP: 6/6
   230 | D:1      | Reached XP level 2. HP: 15/15 MP: 1/8
   915 | D:1      | Learned a level 2 spell: Scorch
  1242 | D:2      | Found Keric's Weapon Shop.
  1485 | D:2      | Found Citoa's Antique Armour Shoppe.
  1489 | D:2      | Reached XP level 3. HP: 19/19 MP: 6/9
  2267 | D:2      | Found a faded altar of an unknown god.
  2349 | D:2      | Found Heik's Antique Weapon Shop.
  2875 | D:2      | Found Kennuyg's Assorted Antiques.
  2979 | D:3      | Reached XP level 4. HP: 24/24 MP: 8/11
  3078 | D:3      | Found Todda's Assorted Antiques.
  3114 | D:3      | Identified the +10 rapier of Fedhas's Delight {heavy,
                  | ^Drain rF+ Str+3 Int+2}
  3176 | D:3      | Found an ancient bone altar of Kikubaaqudgha.
  3190 | D:3      | Noticed a scorpion
  3192 | D:3      | Learned a level 3 spell: Volatile Blastmotes
  3197 | D:3      | Slain by a scorpion

Illustrated notes

Levels and vault maps discovered:
D:1:      shiori_angband_town, layout_basic, minmay_misc_feat_cross,
          minmay_misc_feat_rows
D:2:      layout_basic, serial_shops, nicolae_shop_bloodbath_and_beyond, shop,
          nicolae_shop_rolling_square, nicolae_shop_rolling_square,
          basic_ecumenical_altar, roderic_serpentine_path,
          ebering_dispersal_statue_hall, grunt_ministairs_1
D:3:      layout_basic, overflow_temple_1_default, ebering_ghost_disaster_area,
          serial_shops, nicolae_shop_statue_plus, nicolae_shop_back_alley_shop,
          nicolae_shop_tiny_glass, nicolae_shop_overgrown_old_shop,
          nrook_mini_vaults

Skill      XL: |  1  2  3 |
---------------+----------+-----
Stealth        | 3 |  3.3
Dodging        | 3 |  3.1
Conjurations   | 2 |  2.1
Spellcasting   | |  3.8
Fire Magic     | |  3.8

Action                     |  1- 3 |  4- 6 || total
---------------------------+-------+-------++-------
  Melee: Unarmed           |     4 |       ||     4
         Dagger            |     9 |     1 ||    10
   Cast: Foxfire           |   178 |    18 ||   196
         Scorch            |     1 |     4 ||     5
    Use: Potion            |       |     1 ||     1
 Armour: Robe              |     8 |     6 ||    14
  Dodge: Dodged            |    17 |     3 ||    20
